 Dungeon Crawl Stone Soup version 0.28.0-47-ge53b351184 (webtiles) character file.

Game seed: 4245870417380067086

1936 GigaChad the Carver (level 8, -8/74 HPs)
             Began as a Minotaur Fighter on Apr 28, 2022.
             Was a Believer of Ashenzari.
             Killed by vampiric draining
             ... invoked by a vampire
              (14 damage)
             ... on level 7 of the Dungeon.
             The game lasted 00:20:27 (6481 turns).

GigaChad the Carver (Minotaur Fighter)              Turns: 6481, Time: 00:20:28

Health: -8/74      AC:  8    Str: 31    XL:     8   Next: 97%
Magic:  7/7        EV:  9    Int:  7    God:    Ashenzari [**....]
Gold:   254        SH:  9    Dex: 12    Spells: 7/7 levels left

rFire   . . .      SeeInvis +   a - +0 long sword "Vision of Ashenzari" {Bglg, Evo} (curse)
rCold   + . .      Faith    .   D - +0 kite shield
rNeg    . . .      Spirit   .   b - +0 scale mail
rPois   +          Reflect  .   (helmet restricted)
rElec   .          Harm     .   (no cloak)
rCorr   .          Rampage  .   (no gloves)
Will    .....                   (no boots)
Stlth   ..........              q - amulet of the Distant Augur {Acrobat Str+4, Self, Range} (curse)
HPRegen 0.22/turn               l - ring of the Eternal Dogma {Str+6, Comp, Evo} (curse)
MPRegen 0.10/turn               o - ring of protection from cold

@: no status effects
A: horns 2, retaliatory headbutt, clever 1, poison resistance, wild magic 1,
MP-powered wands
a: Renounce Religion, Shatter the Chains


You were on level 7 of the Dungeon.
You worshipped Ashenzari.
Ashenzari was pleased with you.
You visited 2 branches of the dungeon, and saw 8 of its levels.

You collected 254 gold pieces.

Inventory:

Hand Weapons
 a - the cursed +0 long sword "Vision of Ashenzari" (weapon) {Bglg, Evo}

   It has a curse which improves the following skills: Beguiling: Conjurations,
   Hexes and Translocations.
   Evocations: Evocations.
 w - the +8 quarterstaff "Nioz" {freeze, Int+3}
   (You found it on level 5 of the Dungeon)

   It freezes those it strikes, dealing additional cold damage.
   It can also slow down cold-blooded creatures.
   Int:       It affects your intelligence (+3).
 B - a +0 shortbow
Missiles
 j - 9 poisoned darts (quivered)
 C - 39 arrows
Armour
 b - a +0 scale mail (worn)
 c - a +0 buckler
 s - a +2 robe of the Archmagi
 D - a +0 kite shield (worn)
Jewellery
 l - the cursed ring of the Eternal Dogma (left hand) {Str+6, Comp, Evo}
   (You found it on level 3 of the Dungeon)

   [ring of strength]

   Str:       It affects your strength (+6).
   It has a curse which improves the following skills: Companions: Summonings
   and Necromancy.
   Evocations: Evocations.
 o - a ring of protection from cold (right hand)
 q - the cursed amulet of the Distant Augur (around neck) {Acrobat Str+4, Self, Range}
   (You found it on level 5 of the Dungeon)

   [amulet of the acrobat]

   It increases your evasion while moving and waiting.
   Str:       It affects your strength (+4).
   It has a curse which improves the following skills: Introspection: Fighting
   and Spellcasting.
   Ranged Combat: Slings, Bows, Crossbows and Throwing.
Wands
 y - a wand of acid (10)
 z - a wand of charming (2)
Scrolls
 f - 3 scrolls of identify
 m - a scroll of teleportation
 n - 2 scrolls of noise
 p - a scroll of amnesia
 r - a scroll of immolation
 v - a scroll of magic mapping
 A - a scroll of holy word
Potions
 d - 2 potions of might
 e - a potion of ambrosia
 g - a potion of degeneration
 h - 4 potions of cancellation
 i - 2 potions of invisibility
 k - 5 potions of curing
 t - 2 potions of flight
 u - a potion of heal wounds
 x - a potion of magic


   Skills:
 + Level 6.5(7.8) Fighting
 + Level 9.2 Long Blades
 + Level 8.3 Armour
 + Level 2.3 Dodging
 + Level 1.0 Stealth
 + Level 5.7 Shields


You had 7 spell levels left.
You didn't know any spells.
Your spell library contained the following spells:

 Spells                   Type           Power      Damage    Failure   Level
 Blink                    Tloc           0%         N/A       98%         2
 Passwall                 Tmut/Erth      0%         N/A       99%         2
 Manifold Assault         Tloc           0%         N/A       100%        5
 Summon Mana Viper        Hex/Summ       0%         N/A       100%        5
 Eringya's Noxious Bog    Tmut/Pois      0%         N/A       100%        6
 Spellforged Servitor     Conj/Summ      0%         N/A       100%        7
 Storm Form               Tmut/Air       0%         N/A       100%        7


Dungeon Overview and Level Annotations

Branches:
Dungeon (7/15)             Temple (1/1) D:4

Altars:
Ashenzari
Cheibriados
Dithmenos
Elyvilon
Fedhas
Gozag
Hepliaklqana
Kikubaaqudgha
Makhleb
Nemelex Xobeh
Okawaru
Qazlal
Ru
Sif Muna
Trog
Uskayaw
Vehumet
Wu Jian
Xom
Yredelemnul
Zin
The Shining One


Innate Abilities, Weirdness & Mutations

You have a pair of horns on your head.
You reflexively headbutt those who attack you in melee.
Your mind is acute. (Int +2)
Your system is resistant to poisons. (rPois)
Your spells are a little harder to cast, but a little more powerful.
You expend magic power (3 MP) to strengthen your wands.


Message History

You slash the vampire! Your headbutt misses the vampire.
The vampire is severely damaged.
You block the vampire's attack. The vampire barely misses you.
You hit the vampire but do no damage. You headbutt the vampire!
The vampire is almost destroyed.
The sentinel's mark upon you fades away.
The vampire points at you and mumbles some strange words.
You resist with some effort.
You closely miss the vampire. Your headbutt misses the vampire.
The vampire is almost destroyed.
The vampire points at you and mumbles some strange words.
You are confused.
You bump into the rock wall.
The vampire draws life force from you!
The vampire is healed by the life force!
The vampire misses you. x2
You bump into the rock wall.
The vampire hits you but does no damage.
The vampire barely misses you.
You bump into the rock wall.
You feel less confused. The vampire closely misses you.
You furiously retaliate!
You headbutt the vampire! The vampire closely misses you.
You completely miss the vampire.
The vampire is almost destroyed.
The vampire draws life force from you!
The vampire is healed by the life force!
You hit the vampire.
The vampire is almost destroyed.
The vampire gestures wildly while chanting.
The vampire flickers and vanishes for a moment.
You hit the vampire. Your headbutt misses the vampire.
The vampire is almost destroyed.
The vampire hits you! You block the vampire's attack.
The vampire draws life force from you!!
* * * LOW HITPOINT WARNING * * *
The vampire is healed by the life force!
You slash the vampire! Your headbutt misses the vampire.
The vampire is severely damaged.
The vampire draws life force from you!
You die...

#### ##.),.# #########.# ....
...# #..**## #.# .##. ##.### #>#
#.# # #. ##...###.### #.####.##.
####.......#############......###
. *###.###....†...........#### .,
#..# ####...............>## #,
#.##*.....###..#########..### #.
..######@V## ##.... ,.. * ##.##
########.. ,, ..#* #..#
#....).... * ## ###.##
#####.#######. *
####...####.....# #>
#...........##### ##
#....######## ######


You could see a vampire (invisible).

Vanquished Creatures
  An orc warrior (D:7)
  2 ice beasts
  A sky beast (D:7)
  A black bear (D:5)
  A necrophage (D:5)
  An ogre (D:4)
  A centaur (D:7)
  A kobold brigand (D:7)
  Blork the orc (D:5)
  A wyvern zombie (D:6)
  2 bullfrogs (D:6)
  3 scorpions
  A water moccasin zombie (D:6)
  A water moccasin skeleton (D:7)
  2 centaur zombies (D:6)
  5 hounds
  2 bullfrog zombies (D:6)
  A centaur skeleton (D:6)
  An orc priest (D:7)
  An iguana (D:6)
  3 orc wizards (D:4)
  2 hound skeletons (D:4)
  3 gnolls (D:4)
  2 adders
  A shadow imp (D:6)
  A white imp (D:7)
  An ufetubus (D:4)
  An adder skeleton (D:4)
  3 dart slugs
  7 orcs
  4 endoplasms
  5 giant cockroaches
  3 hobgoblins
  8 jackals
  10 kobolds
  4 quokkas
  9 ball pythons
  3 bats
  4 frilled lizards
  4 goblins
  6 rats
114 creatures vanquished.

Vanquished Creatures (others)
  2 plants (D:1)
2 creatures vanquished.

Grand Total: 116 creatures vanquished

Notes
Turn   | Place    | Note
-------+----------+-------------------------------------------
     0 | D:1      | GigaChad the Minotaur Fighter began the quest for the Orb.
     0 | D:1      | Reached XP level 1. HP: 19/19 MP: 0/0
   232 | D:1      | Reached XP level 2. HP: 27/27 MP: 1/1
   775 | D:2      | Reached XP level 3. HP: 32/33 MP: 2/2
  1086 | D:2      | Reached skill level 3 in Long Blades
  1632 | D:3      | Noticed a scorpion
  1640 | D:3      | Killed a scorpion
  1641 | D:3      | Reached skill level 4 in Long Blades
  1641 | D:3      | Reached XP level 4. HP: 36/40 MP: 3/3
  2021 | D:4      | Found a staircase to the Ecumenical Temple.
  2071 | Temple   | Entered the Ecumenical Temple
  2216 | Temple   | Became a worshipper of Ashenzari the Shackled
  2647 | D:4      | Reached XP level 5. HP: 39/46 MP: 4/4
  2739 | D:4      | Reached skill level 5 in Long Blades
  2991 | D:4      | Noticed an ice beast
  3003 | D:4      | Killed an ice beast
  3004 | D:4      | Reached skill level 5 in Armour
  3004 | D:4      | Reached XP level 6. HP: 14/53 MP: 5/5
  3380 | D:4      | Reached skill level 1 in Dodging
  3732 | D:5      | Entered Level 5 of the Dungeon
  3742 | D:5      | Identified the amulet of Megalomania {Acrobat Str+4}
  3792 | D:5      | Reached skill level 6 in Long Blades
  3792 | D:5      | Reached XP level 7. HP: 57/60 MP: 6/6
  3840 | D:5      | Noticed Blork the orc
  3854 | D:5      | Killed Blork the orc
  3995 | D:5      | Reached skill level 5 in Fighting
  4285 | D:5      | Identified the +8 quarterstaff "Nioz" {freeze, Int+3}
  4511 | D:5      | Reached skill level 7 in Long Blades
  4682 | D:5      | Reached * piety under Ashenzari
  4683 | D:5      | Gained mutation: You are weak. (Str -2) [potion of
                  | mutation]
  4687 | D:5      | Lost mutation: You are weak. (Str -2) [potion of mutation]
  4687 | D:5      | Gained mutation: Your spells are a little harder to cast,
                  | but a little more powerful. [potion of mutation]
  4687 | D:5      | Gained mutation: You are clumsy. (Dex -2) [potion of
                  | mutation]
  4687 | D:5      | Gained mutation: Your muscles are strong. (Str +2) [potion
                  | of mutation]
  4688 | D:5      | Lost mutation: You are clumsy. (Dex -2) [potion of
                  | mutation]
  4688 | D:5      | Lost mutation: Your muscles are strong. (Str +2) [potion of
                  | mutation]
  4688 | D:5      | Gained mutation: You expend magic power (3 MP) to
                  | strengthen your wands. [potion of mutation]
  4688 | D:5      | Gained mutation: Your system is resistant to poisons.
                  | (rPois) [potion of mutation]
  4688 | D:5      | Gained mutation: Your mind is acute. (Int +2) [potion of
                  | mutation]
  5031 | D:6      | Reached skill level 5 in Shields
  5031 | D:6      | Reached XP level 8. HP: 64/70 MP: 7/7
  5281 | D:6      | Reached skill level 8 in Long Blades
  5425 | D:6      | Found a basalt altar of Yredelemnul.
  5692 | D:6      | Identified Rapsuv's Handbook of the Shifting Entourage
  5809 | D:7      | Reached ** piety under Ashenzari
  6299 | D:7      | Reached skill level 9 in Long Blades
  6388 | D:7      | Reached skill level 1 in Stealth
  6481 | D:7      | Killed from afar by a vampire

Illustrated notes

Levels and vault maps discovered:
D:1:      lightli_arrival_flooded_house, layout_basic, basic_ecumenical_altar
D:2:      layout_loops_cross
D:3:      layout_loops_ring, nicolae_figureground_pulse
D:4:      layout_loops_ring, minmay_temple_entry_mini_moons
D:5:      cheibrodos_helix_gallery, layout_loops_corners, uniq_blork_the_orc
D:6:      layout_loops_ring, nicolae_yredelemnul_corpse_copse
D:7:      layout_rooms, serial_shops, shop
Temple:   mainiacjoe_temple_trianglar_array

Skill      XL: |  1  2  3  4  5  6  7  8 |
---------------+-------------------------+-----
Shields        | 4 5 |  5.7
Armour         | 4 5 6 7 8 |  8.3
Fighting       | 4 5 6 |  6.5
Long Blades    | 4 5 6 7 9 |  9.2
Dodging        | 1 2 |  2.3
Stealth        | 1 |  1.0

Action                   |  1- 3 |  4- 6 |  7- 9 || total
-------------------------+-------+-------+-------++-------
Melee: Long sword        |   101 |    72 |   157 ||   330
       Headbutt          |    12 |    14 |    20 ||    46
Invok: Curse Item        |       |       |     3 ||     3
  Use: Scroll            |     3 |     3 |       ||     6
       Potion            |       |       |     3 ||     3
Armor: Scale mail        |    67 |    38 |    45 ||   150
Dodge: Dodged            |    91 |    35 |    82 ||   208
Block: Buckler           |    28 |    22 |    31 ||    81
       Kite shield       |       |       |     7 ||     7
